 Dungeon Crawl Stone Soup version 0.20-a0-296-gf222164 (webtiles) character file.

174 mopl the Stinger (level 5, -1/28 HPs)
             Began as a Deep Elf Venom Mage on Dec 14, 2016.
             Killed from afar by Natasha (6 damage)
             ... with a magic dart
             ... on level 3 of the Dungeon.
             The game lasted 00:04:07 (2743 turns).

mopl the Stinger (Deep Elf Venom Mage)              Turns: 2743, Time: 00:04:08

Health: -1/28      AC:  5    Str:  5    XL:     5   Next: 28%
Magic:  3/13       EV: 13    Int: 21    God:
Gold:   101        SH:  0    Dex: 15    Spells: 4/12 levels left

rFire  . . .     SeeInvis .     e - +0 spear
rCold  . . .     Gourm    .     a - +0 robe
rNeg   . . .     Faith    .     (no shield)
rPois  .         Spirit   .     d - +1 helmet
rElec  .         Reflect  .     (no cloak)
rCorr  .         Harm     .     l - +0 pair of gloves (curse)
MR     .....                    (no boots)
Stlth  ++........               (no amulet)
                                (no ring)
                                (no ring)

@: very slightly contaminated, slowed, very slow
A: no striking features
a: no special abilities


You were on level 3 of the Dungeon.
You were not hungry.

You visited 1 branch of the dungeon, and saw 3 of its levels.

You collected 101 gold pieces.

Inventory:

Hand Weapons
 e - a +0 spear (weapon)
 p - a +3 morningstar of holy wrath
Missiles
 h - 24 poisoned needles
Armour
 a - a +0 robe (worn)
 d - a +1 helmet (worn)
 l - a cursed +0 pair of gloves (worn)
Scrolls
 j - a scroll of teleportation {unknown}
 k - 2 scrolls of identify {unknown}
 m - 2 scrolls of fear {unknown}
 n - a scroll of remove curse {unknown}
 s - 2 scrolls of enchant armour {unknown}
 t - a scroll of amnesia {unknown}
Potions
 i - a potion of curing {unknown}
 q - a potion of resistance {unknown}
Books
 b - a Young Poisoner's Handbook

   Spells                             Type                      Level
   a - Sting                          Conjuration/Poison           1
   b - Mephitic Cloud                 Conjuration/Poison/Air       3
   c - Olgreb's Toxic Radiance        Poison                       4
   d - Alistair's Intoxication        Transmutation/Poison         5
   e - Venom Bolt                     Conjuration/Poison           5
Comestibles
 c - a bread ration
 f - 2 slices of pizza
 g - 3 fruits
 o - a beef jerky
 r - a chunk of flesh


   Skills:
 - Level 2.4 Dodging
 - Level 2.4 Stealth
 + Level 4.4 Spellcasting
 + Level 2.1 Conjurations
 * Level 6.2 Poison Magic


You had 4 spell levels left.
You knew the following spells:

 Your Spells              Type           Power        Failure   Level  Hunger
a - Sting                 Conj/Pois      ###.         1%          1    None
b - Olgreb's Toxic Radia  Pois           ####....     12%         4    ####...
d - Mephitic Cloud        Conj/Pois/Air  ###.....     14%         3    ##.....


Dungeon Overview and Level Annotations

Branches:
Dungeon (3/15)

Altars:
Cheibriados

Annotations:
D:3 Natasha


Message History

Aiming: Sting
Press: ? - help, Shift-Dir - straight line, f/p - Natasha
Aim: Natasha (severely wounded, poisoned)
The sting misses Natasha.
Natasha howls an incantation.
You feel troubled. Natasha barely misses you.
Unknown command.
Casting: Sting
Confirm with . or Enter, or press ? or * to list all spells.
Aiming: Sting
Press: ? - help, Shift-Dir - straight line, f/p - Natasha
Aim: Natasha (severely wounded, poisoned)
You miscast Sting.
You are very lightly contaminated with residual magic.
You feel odd. Natasha claws you.
* * * LOW HITPOINT WARNING * * *
Natasha stares at you and mumbles some strange words.
The magic dart hits you!
You die...

#.# ##.##.##........# ###########
#.# #..............#
..........###.# #..#...........#
....<.........# #..####..>.....#
..........########..#........####
..........# #....#..#.# .###
..........# #.##.##.#.# #
..........###.##.##...#
###.....#.....##@##...#
#.....#.######h##55.# #.....#.#
#.5.5#.# #.....#.# ######.#
#.....#.. .. #.....### #..
#.....# ..# ..# ...


You could see Natasha and a crimson imp.

Vanquished Creatures
  Terence (D:2)
  Natasha (D:3)
  7 adders
  An ooze (D:1)
  A dart slug (D:2)
  A leopard gecko (D:1)
  3 bats
  3 giant cockroaches
  5 goblins
  12 hobgoblins
  3 quokkas (D:2)
  4 frilled lizards
  8 kobolds
  5 rats
55 creatures vanquished.

Notes
Turn   | Place    | Note
-------+----------+-------------------------------------------
     0 | D:1      | mopl the Deep Elf Venom Mage began the quest for the Orb.
     0 | D:1      | Reached XP level 1. HP: 10/10 MP: 6/6
   358 | D:1      | Reached XP level 2. HP: 15/15 MP: 5/8
   837 | D:1      | Reached XP level 3. HP: 19/19 MP: 7/10
   847 | D:1      | Learned a level 3 spell: Mephitic Cloud
   882 | D:2      | Reached skill level 1 in Conjurations
   882 | D:2      | Reached skill level 5 in Poison Magic
   949 | D:2      | Reached skill level 4 in Spellcasting
  1243 | D:1      | Reached XP level 4. HP: 24/24 MP: 0/12
  1336 | D:1      | Learned a level 4 spell: Olgreb's Toxic Radiance
  1368 | D:2      | Noticed Terence
  1478 | D:2      | Killed Terence
  2438 | D:3      | Found a snail-covered altar of Cheibriados.
  2483 | D:3      | Noticed Natasha
  2487 | D:3      | Killed Natasha
  2487 | D:3      | Reached skill level 2 in Conjurations
  2487 | D:3      | Reached skill level 6 in Poison Magic
  2487 | D:3      | Reached XP level 5. HP: 28/28 MP: 8/13
  2726 | D:3      | Noticed Natasha
  2743 | D:3      | Killed from afar by Natasha

Vault maps used:
D:1:      lordsloth_arrival_two_stooges
D:2:      kennysheep_generic_room_6, uniq_terence
D:3:      lemuel_doored_altar, hex_intersection, uniq_crazy_yiuf_cottage,
          uniq_sigmund, uniq_natasha

Skill      XL: |  1  2  3  4 |
---------------+-------------+-----
Conjurations   | 1 2 |  2.1
Poison Magic   | 5 6 |  6.2
Spellcasting   | 4 |  4.4
Dodging        | |  2.4
Stealth        | |  2.4

Action                   |  1- 3 |  4- 6 || total
-------------------------+-------+-------++-------
Melee: Spear             |    15 |    15 ||    30
 Cast: Sting             |    84 |    69 ||   153
       Olgreb's Toxic Ra |       |     5 ||     5
  Eat: Chunk             |     1 |     5 ||     6
Armor: Robe              |    13 |     6 ||    19
Dodge: Dodged            |    24 |    30 ||    54
